Map: Pylon LE

Players

llllllllllll

  • Race: Terran Terran
  • League: Diamond
  • Spawn Location: 11:00

LigerMaNN - Winner!

  • Race: Zerg Zerg
  • League: Diamond
  • Spawn Location: 5:00

VOD

Have the link to the VOD?

Description

Time

  • Played on: June 28, 2025, 4:21 p.m.
  • Length: 5:39
Show
View Real Time Build Order
Export as new Build Order

llllllllllll Terran 

Build Orders:  

Get SALT Encoding   

  12  0:01  SCV  
  13  0:13  SCV  
  14  0:18  Supply Depot  
  14  0:25  SCV  
  15  0:40  SCV  
  15  0:42  Barracks  
  16  0:52  SCV  
  17  0:58  Barracks  
  17  1:04  SCV  
  18  1:16  SCV  
  18  1:29  Orbital Command  
  18  1:43  Marine  
  18  1:45  Command Center  
  19  1:50  Refinery  
  19  1:54  Refinery  
  19  1:57  SCV  
  20  2:12  Bunker, SCV  
  21  2:25  SCV  
  23  2:37  SCV  
  23  2:56  SCV  
  24  3:03  Marine  
  25  3:08  SCV  
  25  3:09  Supply Depot, Orbital Command  
  25  3:11  Factory  
  25  3:12  Command Center  
  26  3:20  Marine, SCV  
  28  3:33  SCV  
  29  3:34  Refinery  
  29  3:35  SCV  
  30  3:43  Refinery  
  30  3:45  SCV  
  30  3:48  SCV  
  32  3:52  Marine  
  32  3:55  Supply Depot  
  33  3:57  Widow Mine  
  33  3:58  Supply Depot  
  33  4:00  SCV  
  33  4:02  SCV  
  37  4:10  Marine  
  37  4:11  Starport  
  37  4:12  SCV  
  37  4:14  SCV  
  28  4:28  Marine, SCV  
  28  4:29  Factory Reactor  
  28  4:39  SCV  
  28  4:43  Bunker  
  28  4:44  SCV  
  28  4:45  Orbital Command  
  29  4:46  Marine  
  29  4:52  Orbital Command  
  30  5:04  Marine  
  31  5:08  Widow Mine  
  31  5:12  SCV  
  36  5:21  SCV  
Show
View Real Time Build Order
Export as new Build Order

LigerMaNN Zerg - Winner!

Build Orders: Hatch First, Zergling Baneling 

Get SALT Encoding   

  12  0:00  Drone  
  13  0:12  Overlord  
  13  0:17  Drone  
  14  0:31  Drone x2  
  16  0:35  Drone  
  17  0:50  Hatchery  
  17  0:54  Drone  
  17  1:00  Drone  
  18  1:08  Extractor  
  17  1:28  Spawning Pool  
  17  1:29  Drone x3  
  19  1:39  Drone  
  20  1:50  Overlord  
  20  2:05  Drone x2  
  22  2:14  Queen x2  
  26  2:17  Zergling x4  
  28  2:28  Zergling x4  
  30  2:32  Metabolic Boost  
  30  2:53  Queen  
  32  2:59  Hatchery  
  32  3:00  Baneling Nest  
  30  3:18  Zergling x12  
  36  3:29  Overlord x2  
  35  3:47  Zergling x12  
  41  3:50  Baneling x2  
  41  3:52  Baneling  
  41  3:53  Baneling  
  41  3:55  Baneling  
  41  3:57  Baneling  
  41  3:58  Baneling  
  35  4:27  Drone x9  
  43  4:40  Baneling x5  
  43  4:41  Baneling  
  38  4:54  Drone x7  
  38  4:57  Drone  
  46  5:02  Drone x3  
  46  5:05  Extractor  
Tags
 
Matchup
TvZ
Replay Pack
June 2025
Spawn Locations
Cross Positions
Add a new tag
Caveats
  • Supply blocks, unpowered buildings, or Contaminate may cause inaccurate times.
  • Supply counts are checked every 10 seconds.